 Dungeon Crawl Stone Soup version 0.30-a0-1163-gf69bf04e7a (webtiles) character file.

Game seed: 16809351733332233676

25 garrulousMonolith the Magician (level 3, -3/22 HPs)
             Began as an Octopode Hedge Wizard on Apr 28, 2023.
             Slain by a kobold
             ... wielding a +0 dagger of distortion
              (16 damage)
             ... on level 1 of the Dungeon.
             The game lasted 00:01:51 (717 turns).

garrulousMonolith the Magician (OpHW)                Turns: 717, Time: 00:01:51

Health: -3/22      AC:  1    Str:  9    XL:     3   Next: 4%
Magic:  2/7        EV: 13    Int: 18    God:
Gold:   18         SH:  0    Dex: 11    Spells: 7/8 levels left

rFire   . . .        a - +0 dagger
rCold   . . .        (no shield)
rNeg    . . .        b - +0 hat
rPois   .            (no amulet)
rElec   .            (no ring)
rCorr   .            (no ring)
SInv    .            (no ring)
Will    .....        (no ring)
Stlth   +++          (no ring)
HPRegen 0.23/turn    (no ring)
MPRegen 0.10/turn    (no ring)
                     (no ring)

%: no passive effects
@: very slightly contaminated
A: almost no armour, amphibious, 8 rings, camouflage 1, gelatinous body 1,
(nimble swimmer 1), tentacles
a: no special abilities


You were on level 1 of the Dungeon.
You visited 1 branch of the dungeon, and saw 1 of its levels.

You collected 18 gold pieces.

Inventory:

Hand Weapons
 a - a +0 dagger (weapon)
Missiles
 f - 8 poisoned darts (quivered)
Armour
 b - a +0 hat (worn)
Jewellery
 h - an amulet of the acrobat
Scrolls
 e - a scroll of poison {unknown}
 g - a scroll of immolation {unknown}
Potions
 d - 2 potions of heal wounds {unknown}
 i - a potion of brilliance {unknown}


   Skills:
 + Level 0.6 Fighting
 - Level 2.0 Dodging
 + Level 3.0 Stealth
 * Level 3.3 Spellcasting
 + Level 1.2 Conjurations
 + Level 1.3 Summonings
 + Level 1.3 Translocations


You had 7 spell levels left.
You knew the following spells:

 Your Spells              Type           Power      Damage    Failure   Level
a - Magic Dart            Conj           28%        1d4       10%         1

Your spell library contained the following spells:

 Spells                   Type           Power      Damage    Failure   Level
 Blink                    Tloc           14%        N/A       14%         2
 Call Imp                 Summ           14%        N/A       14%         2
 Slow                     Hex            12%        N/A       16%         1
 Cigotuvi's Dreadful Rot  Necr/Pois/Air  6%         N/A       24%         2
 Mephitic Cloud           Conj/Pois/Air  4%         N/A       36%         3


Dungeon Overview and Level Annotations

Branches:
Dungeon (1/15)

Altars:


Innate Abilities, Weirdness & Mutations

You cannot wear most types of armour.
You are amphibious.
You can wear up to eight rings at the same time.
Your skin changes colour to match your surroundings (Stealth+).
Your rubbery body absorbs attacks. (AC +1, EV +1)
((You are camouflaged when in or above water. (Stealth+)))
You have tentacles for arms and can constrict up to eight enemies at once.


Message History

Aim: a bat (moderately wounded, 100% to hit)
The magic dart hits the bat.
You kill the bat!
You have reached level 3!
Your experience leads to an increase in your attributes!
Increase (S)trength, (I)ntelligence, or (D)exterity?
You feel clever. x2
Casting: Magic Dart (safe; 10% risk of failure)
Confirm with . or Enter, or press ? or * to list all spells.
Aiming: Magic Dart (safe; 10% risk of failure)
Press: ? - help, Shift-Dir - straight line, f - goblin
Aim: a goblin, wielding a +0 club (100% to hit)
The magic dart hits the goblin.
The goblin is almost dead.
The goblin hits you with a +0 club.
Casting: Magic Dart (safe; 10% risk of failure)
Confirm with . or Enter, or press ? or * to list all spells.
Aiming: Magic Dart (safe; 10% risk of failure)
Press: ? - help, Shift-Dir - straight line, f/p - goblin
Aim: a goblin, wielding a +0 club (almost dead, 100% to hit)
The magic dart hits the goblin.
You kill the goblin!
Casting: Magic Dart (safe; 10% risk of failure)
Confirm with . or Enter, or press ? or * to list all spells.
Aiming: Magic Dart (safe; 10% risk of failure)
Press: ? - help, Shift-Dir - straight line, f - kobold
Aim: a kobold, wielding a +0 dagger of distortion (100% to hit)
The magic dart hits the kobold.
The kobold is severely wounded.
The bat misses you. The kobold closely misses you.
Casting: Magic Dart (safe; 10% risk of failure)
Confirm with . or Enter, or press ? or * to list all spells.
Aiming: Magic Dart (safe; 10% risk of failure)
Press: ? - help, Shift-Dir - straight line, f/p - kobold
Aim: a kobold, wielding a +0 dagger of distortion (severely wounded, 100% to hit)
You miscast Magic Dart.
Nothing appears to happen.
The bat closely misses you.
The kobold hits you with a +0 dagger of distortion.
Space warps horribly around you!
Ouch! That really hurt!
You die...

##.#..###......# #..>
.).[..#####.#### ....
............# #####>?.
......#####.####.....
.###### ###......#.#
..#######..........#
............####.##.g#
##.#..###.### #K# K..
#.#..###.# #@# [
#.#...##)# #b#
#...#.##.# #..
##..#..#รท# ###.
#....#.#.# ..
##....#...# ..
.........## ...
.......#.# ...
##.....#.## .


You could see a bat and a kobold.

Vanquished Creatures
  A dart slug (D:1)
  2 bats (D:1)
  2 endoplasms (D:1)
  3 goblins (D:1)
  3 jackals (D:1)
  A kobold (D:1)
  A quokka (D:1)
  4 ball pythons (D:1)
  A frilled lizard (D:1)
  3 rats (D:1)
21 creatures vanquished.

Notes
Turn   | Place    | Note
-------+----------+-------------------------------------------
     0 | D:1      | garrulousMonolith the Octopode Hedge Wizard began the quest
                  | for the Orb.
     0 | D:1      | Reached XP level 1. HP: 11/11 MP: 4/4
   225 | D:1      | Reached XP level 2. HP: 18/18 MP: 0/6
   714 | D:1      | Reached XP level 3. HP: 19/22 MP: 5/7
   717 | D:1      | Slain by a kobold

Illustrated notes

Levels and vault maps discovered:
D:1:      giann_horns, layout_rooms, minmay_hexomino_c4

Skill      XL: |  1  2 |
---------------+-------+-----
Stealth        | 3 |  3.0
Fighting       | |  0.6
Dodging        | |  2.0
Spellcasting   | |  3.3
Conjurations   | |  1.2
Summonings     | |  1.3
Translocations | |  1.3

Action                     || total
---------------------------++-------
  Melee: Dagger            ||    10
         Constrict         ||     3
         Tentacles         ||     2
   Cast: Magic Dart        ||    41
    Use: Potion            ||     1
 Armour: Skin              ||     3
  Dodge: Dodged            ||    16

Table legend: (Time is in decaauts)
 A = Elapsed time spent in this place.
 B = Non-inter-level travel time spent in this place.
 C = Inter-level travel time spent in this place.
 D = Time resting spent in this place.
 E = Time spent auto-exploring this place.
 F = Levels seen in this place.
 G = Mean time per level.
                   A        B        C        D        E       F      G
               +--------+--------+--------+--------+--------+-----+--------+
         Total |    717 |    717 |      0 |    127 |    469 |   1 |  717.0 |
       Dungeon |    717 |    717 |      0 |    127 |    469 |   1 |  717.0 |
               +--------+--------+--------+--------+--------+-----+--------+

Top non-repeatable levels by time:
     D:1: 717 daAuts
